 Dungeon Crawl Stone Soup version 0.26-a0-660-gc07710193c (webtiles) character file.

Game seed: 829291547004005485

677 Ezendos the Fighter (level 7, -2/81 HPs)
             Began as an Ogre Transmuter on Oct 7, 2020.
             Was a Believer of Ru.
             Slain by a killer bee (8 damage)
             ... on level 7 of the Dungeon.
             The game lasted 00:27:17 (9150 turns).

Ezendos the Fighter (Ogre Transmuter)               Turns: 9150, Time: 00:27:18

Health: -2/81      AC:  3    Str: 15    XL:     7   Next: 60%
Magic:  11/11      EV: 14    Int: 22    God:    Ru [**....]
Gold:   79         SH:  0    Dex:  9    Spells: 5/12 levels left

rFire    . . .     SeeInvis .   x - staff of poison
rCold    . . .     Faith    .   (no shield)
rNeg     . . .     Spirit   .   l - +0 animal skin
rPois    +         Reflect  .   (helmet restricted)
rElec    .         Harm     .   (no cloak)
rCorr    .         Rampage  .   (gloves unavailable)
MR       .....                  (boots unavailable)
Stlth    +.........             (no amulet)
HPRegen  0.23/turn              k - +4 ring of evasion
MPRegen  0.12/turn              n - +6 ring of intelligence

@: about to teleport
A: large, unfitting armour, tough skin 1, inexperienced 1
a: Renounce Religion


You were on level 7 of the Dungeon.
You worshipped Ru.
Ru was pleased with you.
You visited 2 branches of the dungeon, and saw 9 of its levels.

You collected 219 gold pieces.
You spent 140 gold pieces at shops.

Inventory:

Missiles
 t - 4 poisoned darts (quivered)
Armour
 l - a +0 animal skin (worn)
Magical Staves
 v - an uncursed staff of air
 x - an uncursed staff of poison (weapon)
Jewellery
 k - a +4 ring of evasion (left hand)
 m - an uncursed ring of see invisible {unknown}
 n - a +6 ring of intelligence (right hand)
 w - an uncursed amulet of faith {unknown}
Wands
 f - a wand of iceblast (11)
 r - a wand of flame (18)
 A - a wand of paralysis (6)
Scrolls
 a - a scroll of identify
 h - a scroll of immolation
 y - a scroll of fog {unknown}
 z - a scroll of amnesia
 B - 3 scrolls of remove curse
 C - a scroll of torment {unknown}
Potions
 b - a potion of cancellation {unknown}
 i - 2 potions of ambrosia {unknown}
 j - 2 potions of might
 o - a potion of degeneration {unknown}
 p - 2 potions of invisibility {unknown}
 q - a potion of brilliance {unknown}


   Skills:
 + Level 8.7 Fighting
 - Level 2.0 Dodging
 + Level 5.8 Unarmed Combat
 - Level 3.0 Spellcasting
 - Level 4.0 Transmutations
 - Level 4.0 Ice Magic


You had 5 spell levels left.
You knew the following spells:

 Your Spells              Type           Power        Failure   Level
a - Beastly Appendage     Tmut           ###...       2%          1
b - Wereblood             Tmut           ###.....     3%          2
c - Ice Form              Ice/Tmut       ###.....     24%         4

Your spell library contained the following spells:

 Spells                   Type           Power        Failure   Level
 Spider Form              Tmut/Pois      ###.......   16%         3
 Blade Hands              Tmut           ###.......   54%         5


Dungeon Overview and Level Annotations

Branches:
Dungeon (8/15)             Temple (1/1) D:5
   Lair: D:8-11

Altars:
Ashenzari
Cheibriados
Elyvilon
Fedhas
Gozag
Hepliaklqana
Kikubaaqudgha
Makhleb
Nemelex Xobeh
Okawaru
Qazlal
Ru
Sif Muna
Uskayaw
Vehumet
Wu Jian
Xom
Yredelemnul
Zin
The Shining One

Shops:
D:4 !   D:5 }

Annotations:
D:7 1 exclusion


Innate Abilities, Weirdness & Mutations

You are too large for most types of armour.
You have tough skin. (AC +1)
You are somewhat inexperienced. (-2 XL)


Message History

* * * LOW HITPOINT WARNING * * *
The killer bee closely misses you.
You closely miss the killer bee. The killer bee stings you!
* * * LOW HITPOINT WARNING * * *
You are lethally poisoned!
The killer bee poisons you! The killer bee misses you.
You feel better. The killer bee closely misses you. The killer bee stings you.
* * * LOW HITPOINT WARNING * * *
Okay, then.
Press: ? - help, Dir - move target cursor, p - killer bee
As you read the scroll of blinking, it crumbles to dust.
As you read the scroll of teleportation, it crumbles to dust.
You feel strangely unstable.
The killer bee buzzes angrily.
x - an uncursed staff of poison (weapon)
The killer bee stings you.
* * * LOW HITPOINT WARNING * * *
The killer bee completely misses you. The killer bee barely misses you.
The killer bee stings you!
You die...

####.# ##.##.# ##...#.#
#.####......####
#.......(.(...(# ##### #
##.#.......(.########...#
# ##.....y@...(........#
# ##.#..y##########...# #
####.## ##.## # #.# #.# #
#.# #######.# # ##o#
#.......# ##...##
#.####..# ##.....##
#.####..#
##.......###.#.....#


You could see 2 killer bees.

Vanquished Creatures
  Grinder (D:3)
  An orc warrior (D:6)
  2 bullfrogs
  3 killer bees
  5 wights
  A crimson imp (D:6)
  A centaur zombie (D:5)
  5 hounds
  An orc priest (D:3)
  A bullfrog skeleton (D:7)
  A centaur skeleton (D:4)
  2 iguanas
  Ijyb (D:3)
  4 worker ants
  A killer bee zombie (D:6)
  Robin (D:2)
  10 gnolls
  5 adders
  A shadow imp (D:4)
  A white imp (D:5)
  An ufetubus (D:4)
  An ooze (D:2)
  An adder zombie (D:5)
  A worm (D:3)
  4 dart slugs
  A leopard gecko (D:4)
  12 orcs
  A ball python (D:1)
  5 giant cockroaches
  13 goblins
  11 hobgoblins
  17 jackals
  9 kobolds
  2 quokkas
  9 bats
  3 frilled lizards
  2 quokka skeletons
  4 rats
145 creatures vanquished.

Notes
Turn   | Place    | Note
-------+----------+-------------------------------------------
     0 | D:1      | Ezendos the Ogre Transmuter began the quest for the Orb.
     0 | D:1      | Reached XP level 1. HP: 19/19 MP: 3/3
   164 | D:1      | Reached skill level 2 in Fighting
   212 | D:1      | Reached XP level 2. HP: 18/29 MP: 1/5
   524 | D:1      | Reached skill level 3 in Fighting
   531 | D:1      | Learned a level 2 spell: Wereblood
   837 | D:1      | Reached XP level 3. HP: 39/39 MP: 4/6
   853 | D:1      | Reached skill level 4 in Fighting
  1724 | D:2      | Reached XP level 4. HP: 27/49 MP: 4/7
  1926 | D:2      | Noticed Robin
  2113 | D:2      | Killed Robin
  2424 | D:2      | Found a faded altar of an unknown god.
  2803 | D:2      | You fall into a shaft and drop 1 floor!
  2842 | D:3      | Found an opulent altar of Gozag.
  3031 | D:3      | Reached XP level 5. HP: 51/55 MP: 7/9
  3064 | D:3      | Noticed Ijyb
  3098 | D:3      | Killed Ijyb
  3098 | D:3      | Reached skill level 5 in Fighting
  3382 | D:3      | Noticed Grinder
  3959 | D:4      | Learned a level 4 spell: Ice Form
  4012 | D:4      | Reached XP level 6. HP: 45/66 MP: 8/10
  4311 | D:4      | Found Licesuil's Distillery.
  4326 | D:4      | Reached skill level 1 in Ice Magic
  4435 | D:4      | Bought a potion of might for 56 gold pieces
  4435 | D:4      | Bought 2 potions of curing for 84 gold pieces
  4761 | D:5      | Entered Level 5 of the Dungeon
  5092 | D:5      | Found Cipowin's Gadget Shop.
  5116 | D:5      | Reached XP level 7. HP: 64/72 MP: 9/11
  5231 | D:5      | Found a staircase to the Ecumenical Temple.
  5255 | Temple   | Entered the Ecumenical Temple
  5352 | Temple   | Became a worshipper of Ru the Awakened
  5443 | D:5      | Found a sparkling altar of Nemelex Xobeh.
  5869 | D:3      | Killed Grinder
  5869 | D:3      | Reached skill level 6 in Fighting
  6738 | D:6      | Reached XP level 8. HP: 79/84 MP: 12/12
  7398 | D:6      | Found a burning altar of Makhleb.
  7520 | D:7      | Reached skill level 7 in Fighting
  7861 | D:7      | Reached skill level 5 in Unarmed Combat
  8190 | D:7      | Gained mutation: You are somewhat inexperienced. (-2 XL)
                  | [Ru sacrifice]
  8190 | D:7      | Reached XP level 7. HP: 78/78 MP: 11/11
  8190 | D:7      | Reached XP level 6. HP: 71/71 MP: 10/10
  8190 | D:7      | Reached * piety under Ru
  8190 | D:7      | Reached ** piety under Ru
  8505 | D:7      | Noticed an orc warrior
  8522 | D:6      | Killed an orc warrior
  8522 | D:6      | Reached skill level 8 in Fighting
  8522 | D:6      | Reached XP level 7. HP: 56/80 MP: 11/11
  9144 | D:7      | HP: 3/81 [killer bee (7)]
  9150 | D:7      | Slain by a killer bee

Illustrated notes

Levels and vault maps discovered:
D:1:      dpeg_arrival_court, layout_loops_ring
D:2:      layout_basic, chequers_ecumenical_altar_simple, uniq_robin
D:3:      layout_loops_ring, grunt_gozag_statues, uniq_ijyb, uniq_grinder
D:4:      layout_rooms, serial_shops, shop, nrook_mini_backslash
D:5:      layout_rooms, minmay_temple_entry_mini_moons, basic_altar,
          serial_shops, nicolae_shop_window_shopping, feat_on_display
D:6:      layout_cave_pools, makhleb_grotto_becter
D:7:      layout_loops_corners
D:8:      kennysheep_orc_sif_temple, layout_layer_cave, minivault_1,
          minmay_fire_ice_demons
Temple:   compressed_dpeg_circular_temple

Skill      XL: |  1  2  3  4  5  6  7  8 |
---------------+-------------------------+-----
Fighting       | 2 3 4 5 8 6 7 |  8.7
Dodging        | 2 |  2.0
Transmutations | 2 3 4 |  4.0
Spellcasting   | 3 |  3.0
Unarmed Combat | 3 4 5 |  5.8
Ice Magic      | 2 3 4 |  4.0

Action                   |  1- 3 |  4- 6 |  7- 9 || total
-------------------------+-------+-------+-------++-------
Melee: Dagger            |   142 |   207 |       ||   349
       Unarmed           |     6 |    99 |   192 ||   297
       Punch             |     2 |     4 |     2 ||     8
       Kick              |    23 |    45 |    36 ||   104
       Headbutt          |    17 |    30 |    26 ||    73
Throw: Dart              |       |    10 |    15 ||    25
 Cast: Beastly Appendage |    22 |    36 |    25 ||    83
       Wereblood         |     2 |     5 |     3 ||    10
Invok: Sacrifice Experie |       |     1 |       ||     1
 Abil: End Transformatio |       |     1 |       ||     1
Evoke: Wand              |       |     6 |     2 ||     8
  Use: Scroll            |     2 |     7 |     4 ||    13
       Potion            |       |     1 |     3 ||     4
 Stab: Invisible         |       |       |     1 ||     1
Armor: Robe              |    38 |     8 |       ||    46
       Animal skin       |       |   101 |    18 ||   119
       Skin              |       |       |     4 ||     4
Dodge: Dodged            |    91 |   289 |   157 ||   537

Table legend: (Time is in decaauts)
 A = Elapsed time spent in this place.
 B = Non-inter-level travel time spent in this place.
 C = Inter-level travel time spent in this place.
 D = Time resting spent in this place.
 E = Time spent auto-exploring this place.
 F = Levels seen in this place.
 G = Mean time per level.
                   A        B        C        D        E       F      G
               +--------+--------+--------+--------+--------+-----+--------+
         Total |   9146 |   8699 |    447 |   2573 |   3366 |   9 | 1016.2 |
       Dungeon |   9039 |   8592 |    447 |   2573 |   3291 |   8 | 1129.9 |
        Temple |    106 |    106 |      0 |      0 |     75 |   1 |  106.0 |
               +--------+--------+--------+--------+--------+-----+--------+

Top non-repeatable levels by time:
     D:2: 1801 daAuts
     D:1: 1559 daAuts
     D:6: 1525 daAuts
     D:3: 1121 daAuts
     D:5: 1073 daAuts
     D:7: 979 daAuts
     D:4: 977 daAuts
  Temple: 106 daAuts
     D:8: 1 daAuts
